cohdb
Replays
Latest Replays
All Replays
Popular Replays
Top Player Replays
Match Explorer
How It Works
Community
CoH3 Stats
Reddit
Sign in to upload your games and track your stats! →
Sign in with Steam
Match 45353956
Unlisted
Match 45353956
Overview
Messages
Build Orders
End
Construct Section Command Post
Selects Air and Sea Battlegroup
Infantry Section
Vickers Machine Gun Team
Infantry Section
Grenade Package
Infantry Section
Construct Platoon Command Post
6-pounder Anti-tank Gun Team
6-pounder Anti-tank Gun Team
Selects Commando Section Paradrop
Selects M1 Pack Howitzer Paradrop
M1 Pack Howitzer Paradrop
Construct Field Infirmary
Construct Company Command Post
Selects Anti-tank Rocket Loiter
Anti-tank Rocket Loiter
Unlock M3 Grant Medium Tanks
M3 Grant Medium Tank
Armored Vehicle Training
Anti-tank Rocket Loiter
Selects Supply Surplus
Selects UNKNOWN (223837)
Tico
Jordon_S-aints
Greenskorps
iFapToHentai
[14e]tuveuxdugateaux
Carecup
Czoppo.
water
0
0
Comments
sign in to comment!
No comments posted yet!